 Seeded DCSS version 0.29.1-13-g9f3cf754e1 (webtiles) character file.

Game seed: 16245865983455551772 (custom seed)

1106 Trevise the Chopper (level 8, -2/47 HPs)
             Began as a Deep Elf Fire Elementalist on Jan 24, 2023.
             Slain by an orc warrior
             ... wielding a +0 battleaxe
              (21 damage)
             ... on level 6 of the Dungeon.
             The game lasted 00:10:02 (6200 turns).

Trevise the Chopper (Deep Elf Fire Elementalist)    Turns: 6200, Time: 00:10:03

Health: -2/47      AC:  2    Str:  7    XL:     8   Next: 11%
Magic:  14/14      EV: 13    Int: 27    God:
Gold:   250        SH:  0    Dex: 15    Spells: 10/13 levels left

rFire   + . .      SeeInvis +   a - +14 obsidian axe {vorpal, Mesm Drain Fly SInv}
rCold   . . .      Faith    .   (no shield)
rNeg    . . .      Spirit   .   e - +0 robe
rPois   +          Reflect  .   (no helmet)
rElec   .          Harm     .   (no cloak)
rCorr   .          Rampage  .   (no gloves)
Will    .....                   (no boots)
Stlth   ++........              o - amulet of regeneration
HPRegen 0.95/turn               v - ring "Wapem" {rPois rF+ SInv}
MPRegen 0.14/turn               I - +6 ring of intelligence

@: flying, mesmerised
A: no striking features
a: no special abilities


You were on level 6 of the Dungeon.
You visited 2 branches of the dungeon, and saw 7 of its levels.

You collected 250 gold pieces.

Inventory:

Hand Weapons
 a - the +14 obsidian axe (weapon) {vorpal, Mesm Drain Fly SInv}
   (You acquired it on level 1 of the Dungeon)

   It inflicts extra damage upon your enemies.
   It occasionally summons demons to assist the wielder when it strikes in
   combat.
   Its wielder is mesmerised by any visible foes.
   It cannot be unequipped while any foes are visible.
   SInv:      It lets you see invisible.
   Fly:       It grants you flight.
   Drain:     It drains your maximum health when unequipped.
Missiles
 g - 6 poisoned darts
 s - 40 stones
Armour
 e - a +0 robe (worn)
Magical Staves
 b - a staff of conjuration
   (You acquired it on level 1 of the Dungeon)
Jewellery
 c - a ring of ice {rC+, rF-}
   (You found it on level 5 of the Dungeon)
 o - an amulet of regeneration (around neck)
   (You found it on level 3 of the Dungeon)
 v - the ring "Wapem" (left hand) {rPois rF+ SInv}
   (You acquired it on level 1 of the Dungeon)

   [ring of see invisible]

   rF:        It protects you from fire.
   rPois:     It protects you from poison.
   SInv:      It lets you see invisible.
 I - a +6 ring of intelligence (right hand)
   (You found it on level 1 of the Dungeon)
Wands
 m - a wand of roots (4)
   (You found it on level 3 of the Dungeon)
Scrolls
 h - 5 scrolls of teleportation {unknown}
 j - 2 scrolls of summoning {unknown}
 k - 4 scrolls of identify {unknown}
 l - a scroll of enchant weapon {unknown}
 n - a scroll of noise {unknown}
 p - 2 scrolls of immolation {unknown}
 t - a scroll of silence {unknown}
 w - a scroll of butterflies {unknown}
Potions
 d - 2 potions of flight {unknown}
 f - a potion of might {unknown}
 i - 2 potions of lignification {unknown}
 q - a potion of berserk rage {unknown}
 r - a potion of heal wounds {unknown}
 u - a potion of brilliance {unknown}
 M - a potion of magic


   Skills:
 + Level 3.6 Fighting
 * Level 6.0 Axes
 - Level 2.7 Dodging
 - Level 2.7 Stealth
 - Level 3.2 Spellcasting
 - Level 2.8 Conjurations
 - Level 4.3 Fire Magic


You had 10 spell levels left.
You knew the following spells:

 Your Spells              Type           Power      Damage    Failure   Level
a - Foxfire               Conj/Fire      92%        2x1d8     1%          1
b - Scorch                Fire           54%        2d8       2%          2

Your spell library contained the following spells:

 Spells                   Type           Power      Damage    Failure   Level
 Conjure Flame            Conj/Fire      23%        6-21      6%          3
 Sting                    Tmut/Pois      16%        1d3       9%          1
 Inner Flame              Hex/Fire       16%        N/A       11%         3
 Poisonous Vapours        Pois/Air       8%         N/A       13%         2
 Flame Wave               Conj/Fire      23%        2d8       21%         4
 Confusing Touch          Hex            4%         N/A       26%         3
 Olgreb's Toxic Radiance  Pois           4%         N/A       65%         4
 Yara's Violent Unravell  Hex/Tmut       2%         3d3       94%         5
 Enfeeble                 Hex            2%         N/A       100%        7
 Chain Lightning          Conj/Air       5%         3d7       100%        9
 Fire Storm               Conj/Fire      11%        8d3       100%        9
 Shatter                  Erth           2%         3d6*      100%        9


Dungeon Overview and Level Annotations

Branches:
Dungeon (6/15)             Temple (1/1) D:5

Altars:
Cheibriados
Dithmenos
Elyvilon
Fedhas
Gozag
Kikubaaqudgha
Makhleb
Nemelex Xobeh
Sif Muna
Trog
Uskayaw
Vehumet
Wu Jian
Yredelemnul
Zin
The Shining One

Shops:
D:3 [   D:4 *:[


Message History

No target in view!
No target in view!
No target in view!
There is a stone staircase leading down here.
Done exploring.
Done exploring.
Done exploring.
MP restored: 13
Okay, then.
Setting a skill training target for Axes at 18.0.
Okay, then.
Done exploring.
Done exploring.
Done exploring.
(D) Dungeon (T) Temple
Where to? (Enter - D:5, ? - help)
There is a stone staircase leading down here.
You fly downwards.
Visions of slaying the kobold flood into your mind.
The kobold shouts! x2; You hear a shout! x2; You hear an angry hiss.
There is a stone staircase leading up here.
There are monsters nearby!
An adder comes into view.
A kobold comes into view. It is wielding a +0 short sword.
A kobold brigand and a kobold come into view.
The kobold brigand is wielding a +0 short sword and quivering curare-tipped darts.
The kobold is wielding a +0 dagger and quivering poisoned darts.
Visions of slaying the adder flood into your mind.
A kobold comes into view. It is wielding a +0 short sword.
A kobold comes into view. It is wielding a +0 short sword.
Visions of slaying the kobold flood into your mind.
The adder bites you. The kobold closely misses you.
You take 3 damage, and have 38/41 hp.
The kobold brigand shouts!
The kobold shouts! x2
You slash the adder!
You kill the adder!
You hit the kobold. You closely miss the kobold. The kobold closely misses you.
The kobold barely misses you.
You have reached level 8!
You feel clever.
You regained 6 hp, and now have 44/46 hp.
MP restored: 14 You closely miss the kobold. x2; The kobold barely misses you.
The kobold hits you with a +0 club.
A hound comes into view.
The hound barks!
You slash the kobold!
You are no longer entranced.
You kill the kobold!
You hit the kobold.
You kill the kobold!
Visions of slaying the kobold flood into your mind.
The kobold closely misses you.
Health restored: 46 You slash the kobold!
You break out of your daze!
You kill the kobold!
Visions of slaying the kobold flood into your mind.
You slice the kobold brigand!! You slash the kobold!
You are no longer entranced.
You kill the kobold!
You barely miss the kobold.
Visions of slaying the kobold brigand flood into your mind.
The kobold barely misses you. The kobold brigand closely misses you.
You barely miss the kobold brigand. You slash the kobold!
You kill the kobold!
You slash the kobold!
You kill the kobold!
The kobold brigand barely misses you. The hound bites you.
The kobold brigand closely misses you.
You take 4 damage, and have 42/46 hp.
You slice the kobold brigand!!
You break out of your daze!
You kill the kobold brigand!
You slash the hound!
Visions of slaying the hound flood into your mind.
The hound barely misses you. The hound misses you.
You closely miss the hound. The hound bites you.
An orc warrior comes into view. It is wielding a +0 battleaxe.
The hound bites you.
You take 2 damage, and have 41/46 hp.
The orc warrior shouts!
You slash the hound!
You break out of your daze!
You kill the hound!
Visions of slaying the orc warrior flood into your mind.
You hear a shout!
Your Axes skill increases to level 6!
You regained 2 hp, and now have 43/47 hp.
You closely miss the orc warrior. The orc warrior closely misses you.
You barely miss the orc warrior.
The orc warrior hits you with a +0 battleaxe!
You take 8 damage, and have 38/47 hp.
You closely miss the orc warrior.
The orc warrior hits you with a +0 battleaxe!!
You take 20 damage, and have 18/47 hp.
MASSIVE DAMAGE!!
You slash the orc warrior! You open a gate to Pandemonium!
A demon appears!
The orc warrior barely misses you.
The orc warrior hits you with a +0 battleaxe!!
You die...

........#
#........# #
#.#......#.#
#.#......#.#
#..........
#........#
###....)4)#####.#
.......)..@o....#
#####..#######...
#..# #.<# #..#
..... #..[...#
#......# #......#


You could see an orc warrior (mesmerising, ally target) and a friendly orange
demon (summoned).

Vanquished Creatures
  Sigmund (D:5)
  A black bear (D:5)
  An ogre (D:4)
  A centaur (D:5)
  A kobold brigand (D:6)
  A necrophage (D:4)
  3 scorpions
  An orc priest (D:3)
  3 hounds
  An iron imp (D:4)
  Jessica (D:2)
  An iguana (D:4)
  2 orc wizards (D:3)
  Natasha (D:3)
  A hound skeleton (D:4)
  3 adders
  A white imp (D:5)
  A dart slug (D:5)
  2 orcs (D:3)
  6 ball pythons
  3 bats
  8 endoplasms
  A giant cockroach (D:4)
  5 goblins
  8 hobgoblins
  12 kobolds
  4 quokkas
  3 frilled lizards
  7 rats
84 creatures vanquished.

Vanquished Creatures (collateral kills)
  3 orcs (D:3)
3 creatures vanquished.

Vanquished Creatures (others)
  285 foxfires
285 creatures vanquished.

Grand Total: 372 creatures vanquished

Notes
Turn   | Place    | Note
-------+----------+-------------------------------------------
     0 | D:1      | Trevise the Deep Elf Fire Elementalist began the quest for
                  | the Orb.
     0 | D:1      | Reached XP level 1. HP: 10/10 MP: 6/6
   246 | D:1      | Identified 3 scrolls of acquirement
   246 | D:1      | Acquired a staff of conjuration
   249 | D:1      | Acquired the +14 obsidian axe {vorpal, Mesm Drain Fly SInv}
   249 | D:1      | Found the +14 obsidian axe {vorpal, Mesm Drain Fly SInv}
   301 | D:1      | Acquired the ring "Wapem" {rPois rF+ SInv}
   317 | D:1      | Found a faded altar of an unknown god.
   395 | D:1      | Reached XP level 2. HP: 8/15 MP: 2/8
  1483 | D:1      | Learned a level 2 spell: Scorch
  1860 | D:2      | Reached XP level 3. HP: 19/19 MP: 5/9
  1918 | D:2      | Noticed Jessica
  1923 | D:2      | Killed Jessica
  1924 | D:2      | Reached skill level 1 in Axes
  1924 | D:2      | Reached skill level 2 in Conjurations
  2540 | D:3      | Reached XP level 4. HP: 24/24 MP: 5/10
  2708 | D:3      | Found Ymmy Ciutu's Antique Armour Shoppe.
  2722 | D:3      | Reached skill level 4 in Fire Magic
  2732 | D:3      | Reached skill level 2 in Axes
  2734 | D:3      | Reached XP level 5. HP: 9/28 MP: 6/11
  3181 | D:3      | Noticed Natasha
  3187 | D:3      | Killed Natasha
  3482 | D:4      | Noticed an ogre
  3488 | D:4      | Killed an ogre
  3489 | D:4      | Reached skill level 1 in Fighting
  3489 | D:4      | Reached skill level 3 in Axes
  3489 | D:4      | Reached XP level 6. HP: 34/34 MP: 4/12
  3562 | D:4      | Found Gamycsypi's Antique Armour Boutique.
  3672 | D:4      | Found Koenoidu's Book Boutique.
  3758 | D:4      | Found a snail-covered altar of Cheibriados.
  3801 | D:4      | Found Tuuwolaw's General Store.
  4064 | D:4      | Found a shadowy altar of Dithmenos.
  4120 | D:4      | Found a burning altar of Makhleb.
  4142 | D:4      | Reached skill level 2 in Fighting
  4142 | D:4      | Reached skill level 4 in Axes
  4441 | D:5      | Entered Level 5 of the Dungeon
  4448 | D:5      | Reached XP level 7. HP: 40/40 MP: 9/13
  4769 | D:5      | Found a staircase to the Ecumenical Temple.
  4778 | Temple   | Entered the Ecumenical Temple
  5094 | D:5      | Found a glowing silver altar of Zin.
  5243 | D:5      | Noticed Sigmund
  5245 | D:5      | Reached skill level 5 in Axes
  5252 | D:5      | Killed Sigmund
  5253 | D:5      | Reached skill level 3 in Fighting
  6187 | D:6      | Reached XP level 8. HP: 44/46 MP: 14/14
  6195 | D:6      | Reached skill level 6 in Axes
  6200 | D:6      | Slain by an orc warrior

Illustrated notes

Levels and vault maps discovered:
D:1:      minmay_arrival_hallway, layout_loops_corners, basic_ecumenical_altar,
          minmay_unequal
D:2:      layout_loops_ring, uniq_jessica
D:3:      layout_basic, serial_shops, nicolae_shop_advertising_works
          [nicolae_subvault_shop_adworks], minmay_shallow_snake_nest,
          uniq_natasha
D:4:      layout_rooms, grunt_dithmenos_smoke_and_mirrors,
          makhleb_blood_cavern_becter, slow_altar_1, serial_shops,
          nicolae_square_shop, nicolae_shop_temple_entry_statues_fountains,
          kennysheep_mini_moat, chequers_serial_rivers_large_a,
          minmay_fractal_squares_gapless_5
D:5:      layout_layer_cave, mainiacjoe_overflow_cross_hatched,
          lemuel_temple_firewalk_b, uniq_sigmund
D:6:      layout_basic
Temple:   nicolae_temple_bog_church

Skill      XL: |  1  2  3  4  5  6  7  8 |
---------------+-------------------------+-----
Axes           | 1 2 3 4 5 6 |  6.0
Conjurations   | 2 |  2.8
Fire Magic     | 4 |  4.3
Fighting       | 1 2 3 |  3.6
Dodging        | |  2.7
Stealth        | |  2.7
Spellcasting   | |  3.2

Action                   |  1- 3 |  4- 6 |  7- 9 || total
-------------------------+-------+-------+-------++-------
Melee: Broad axe         |    15 |    22 |    17 ||    54
Throw: Stone             |     2 |       |       ||     2
 Cast: Foxfire           |    71 |    88 |    34 ||   193
  Use: Scroll            |     3 |       |       ||     3
 Stab: Sleeping          |     1 |       |       ||     1
Armor: Robe              |     5 |     1 |     1 ||     7
Dodge: Dodged            |     4 |    10 |    16 ||    30

Table legend: (Time is in decaauts)
 A = Elapsed time spent in this place.
 B = Non-inter-level travel time spent in this place.
 C = Inter-level travel time spent in this place.
 D = Time resting spent in this place.
 E = Time spent auto-exploring this place.
 F = Levels seen in this place.
 G = Mean time per level.
                   A        B        C        D        E       F      G
               +--------+--------+--------+--------+--------+-----+--------+
         Total |   6220 |   5989 |    231 |    297 |   5190 |   7 |  888.6 |
       Dungeon |   6086 |   5867 |    219 |    297 |   5075 |   6 | 1014.3 |
        Temple |    134 |    122 |     12 |      0 |    115 |   1 |  134.0 |
               +--------+--------+--------+--------+--------+-----+--------+

Top non-repeatable levels by time:
     D:5: 1608 daAuts
     D:1: 1537 daAuts
     D:3: 1133 daAuts
     D:4: 993 daAuts
     D:2: 791 daAuts
  Temple: 134 daAuts
     D:6: 21 daAuts

Table legend:
 A = Kills in this place as a percentage of kills in entire the game.
 B = Kills by you in this place as a percentage of kills by you in the entire game.
 C = Kills by friends in this place as a percentage of kills by friends in the entire game.
 D = Other kills in this place as a percentage of other kills in the entire game.
 E = Experience gained in this place as a percentage of experience gained in the entire game.
 F = Experience gained in this place divided by the number of levels of this place that you have seen.
                   A       B       C       D       E      F
               +-------+-------+-------+-------+-------+----------------------
         Total | 100.0 | 100.0 | 100.0 |   N/A | 100.0 | 225.9
       Dungeon | 100.0 | 100.0 | 100.0 |   N/A | 100.0 | 263.5
               +-------+-------+-------+-------+-------+----------------------
